 Dungeon Crawl Stone Soup version 0.21.1-1-g345015f (webtiles) character file.

108 inc the Conjurer (level 4, 18/18 HPs)
             Began as a Felid Venom Mage on Mar 3, 2018.
             Quit the game on level 3 of the Dungeon.
             The game lasted 00:06:10 (4622 turns).

inc the Conjurer (Felid Venom Mage)                 Turns: 4622, Time: 00:06:11

Health: 18/18      AC:  1    Str:  4    XL:     4   Next: 58%
Magic:  8/8        EV: 18    Int: 17    God:
Gold:   175        SH:  0    Dex: 17    Spells: 4/7 levels left
                                        Lives:  0   Deaths: 1

rFire    . . .     SeeInvis +   (weapon unavailable)
rCold    . . .     Gourm    .   (shield unavailable)
rNeg     . . .     Faith    .   (armour unavailable)
rPois    .         Spirit   .   (helmet unavailable)
rElec    .         Reflect  .   (cloak unavailable)
rCorr    .         Harm     .   (gloves unavailable)
MR       .....                  (boots unavailable)
Stlth    +++.......             (no amulet)
HPRegen  0.06/turn              (no ring)
MPRegen  0.11/turn              (no ring)

@: quick
A: very small, no armour, no weapons or thrown items, stealth, claws 1, fangs 3,
see invisible, carnivore, speed 1, shaggy fur 1, slow metabolism 1, sharp paws
a: no special abilities


You were on level 3 of the Dungeon.
You were not hungry.

You visited 1 branch of the dungeon, and saw 4 of its levels.

You collected 175 gold pieces.

Inventory:

Jewellery
 e - an uncursed ring of fire
 n - an uncursed amulet of guardian spirit
 p - a cursed -2 ring of dexterity {unknown}
Scrolls
 c - 2 scrolls of teleportation {unknown}
 d - a scroll of enchant armour {unknown}
 f - a scroll of amnesia {unknown}
 g - a scroll of remove curse {unknown}
 h - 6 scrolls of identify {unknown}
 j - 7 scrolls of magic mapping {unknown}
 o - a scroll of enchant weapon {unknown}
Potions
 i - a potion of berserk rage {unknown}
 k - a potion of heal wounds {unknown}
 l - a potion of curing {unknown}
 m - 3 potions of might {unknown}
Books
 a - a Young Poisoner's Handbook

   Spells                             Type                      Level
   a - Sting                          Conjuration/Poison           1
   b - Poisonous Vapours              Poison/Air                   2
   c - Mephitic Cloud                 Conjuration/Poison/Air       3
   d - Olgreb's Toxic Radiance        Poison                       4
   e - Venom Bolt                     Conjuration/Poison           5
Comestibles
 b - 7 rations


   Skills:
 - Level 2.6 Dodging
 - Level 2.6 Stealth
 - Level 2.0 Spellcasting
 - Level 4.6 Conjurations
 + Level 1.7 Air Magic
 - Level 2.6 Poison Magic


You had 4 spell levels left.
You knew the following spells:

 Your Spells              Type           Power        Failure   Level  Hunger
a - Sting                 Conj/Pois      ##..         4%          1    #......
b - Poisonous Vapours     Pois/Air       #.....       12%         2    ###....


Dungeon Overview and Level Annotations

Branches:
Dungeon (4/15)
 Temple: D:4-7

Altars:
Ashenzari


Innate Abilities, Weirdness & Mutations

You cannot wear armour.
You are incapable of wielding weapons or throwing items.
Your paws allow you to move quietly. (Stealth)
You have sharp claws.
You have razor-sharp teeth.
You have supernaturally acute eyesight. (SInv)
You are carnivorous and can eat meat at any time.
You cover ground quickly.
You are covered in fur. (AC +1)
You have a slow metabolism.
Your sharp claws are effective at attacking unaware monsters.


Message History

Aiming: Sting
Press: ? - help, Shift-Dir - straight line, f/p - orc wizard
Aim: an orc wizard, wielding a dagger and wearing a robe (moderately wounded, poisoned)
The sting hits the orc wizard.
The orc wizard looks even sicker.
The orc wizard is moderately wounded.
The orc wizard completely misses you.
Casting: Sting
Confirm with . or Enter, or press ? or * to list all spells.
Aiming: Sting
Press: ? - help, Shift-Dir - straight line, f/p - orc wizard
Aim: an orc wizard, wielding a dagger and wearing a robe (severely wounded, poisoned)
The sting hits the orc wizard.
The orc wizard looks as sick as possible!
The orc wizard is almost dead.
The orc wizard gestures at you while chanting.
The magic dart hits you!
You die...
You are now level 4!
You rejoin the land of the living...
Are you sure you want to abandon this character and quit the game? (Confirm with "yes".)

############
#<.........##
#.######.....
#.....##.....
######.###.##.....
#@..##.###.##.....
#..>#...##.##.....
####...#....#........
#...........########.
#.........#.# #.
#.........#.# #.
####...####.# ######.
#_..# #.# #......
#...# ##.###.#####


There were no monsters in sight!

Vanquished Creatures
  2 orc wizards (D:3)
  6 adders
  2 worms
  A dart slug (D:1)
  A leopard gecko (D:3)
  5 orcs (D:3)
  4 giant cockroaches
  10 goblins
  16 hobgoblins
  3 jackals (D:3)
  6 quokkas
  9 bats
  5 frilled lizards
  A jackal skeleton (D:3)
  4 kobolds
  7 rats
82 creatures vanquished.

Notes
Turn   | Place    | Note
-------+----------+-------------------------------------------
     0 | D:1      | inc the Felid Venom Mage began the quest for the Orb.
     0 | D:1      | Reached XP level 1. HP: 7/7 MP: 4/4
    99 | D:1      | Reached skill level 1 in Conjurations
   249 | D:1      | Reached XP level 2. HP: 9/11 MP: 0/6
   282 | D:1      | Reached skill level 2 in Conjurations
  1078 | D:1      | Reached XP level 3. HP: 14/14 MP: 3/7
  1474 | D:2      | Reached skill level 3 in Conjurations
  2059 | D:2      | Reached XP level 4. HP: 16/18 MP: 0/8
  2917 | D:3      | Reached skill level 4 in Conjurations
  3451 | D:3      | Found a shattered altar of Ashenzari.
  3688 | D:3      | Reached XP level 5. HP: 21/21 MP: 2/9
  3702 | D:2      | Learned a level 2 spell: Poisonous Vapours
  4293 | D:3      | Found a faded altar of an unknown god.
  4330 | D:3      | Reached skill level 1 in Air Magic
  4621 | D:3      | Killed from afar by an orc wizard
  4622 | D:3      | Reached XP level 4. HP: 0/18 MP: 1/8
  4622 | D:3      | Quit the game

Skill      XL: |  1  2  3  4  5 |
---------------+----------------+-----
Conjurations   | 1 2 3 4 |  4.6
Air Magic      | 1 |  1.7
Dodging        | |  2.6
Stealth        | |  2.6
Spellcasting   | |  2.0
Poison Magic   | |  2.6

Action                   |  1- 3 |  4- 6 || total
-------------------------+-------+-------++-------
Melee: Unarmed           |     4 |    10 ||    14
       Bite              |     1 |       ||     1
 Cast: Sting             |   101 |   111 ||   212
       Poisonous Vapours |       |     3 ||     3
 Stab: Sleeping          |       |     1 ||     1
  Eat: Chunk             |     3 |    10 ||    13
Armor: Skin              |     5 |       ||     5
Dodge: Dodged            |    27 |    35 ||    62
